 Dungeon Crawl Stone Soup version 0.30.0-29-ga12c61a403 (webtiles) character file.

Game seed: 4122350753459233822

99 qw the Chopper (level 4, 0/28 HPs)
             Began as a Gargoyle Fighter on June 3, 2023.
             Slain by Edmund
             ... wielding a +1 flail of protection
              (7 damage)
             ... on level 4 of the Dungeon.
             The game lasted 00:01:02 (1865 turns).

qw the Chopper (Gargoyle Fighter)                   Turns: 1865, Time: 00:01:03

Health: 0/28       AC: 11    Str: 21    XL:     4   Next: 72%
Magic:  0/4        EV:  9    Int:  9    God:
Gold:   42         SH:  4    Dex:  9    Spells: 3/3 levels left

rFire   . . .        Y - +0 war axe
rCold   . . .        c - +0 buckler
rNeg    + . .        b - +0 scale mail
rPois   inf          (no helmet)
rElec   +            i - +0 cloak
rCorr   .            (no gloves)
SInv    .            (no boots)
Will    .....        a - amulet of guardian spirit Stlth
                     (no ring)
HPRegen 0.24/turn    (no ring)
MPRegen 0.09/turn

%: guardian spirit
@: about to teleport
A: sickness immunity, AC +3, negative energy resistance 1, electricity
resistance, torment resistance 1, petrification resistance
a: no special abilities


You were on level 4 of the Dungeon.
You visited 1 branch of the dungeon, and saw 3 of its levels.

You collected 42 gold pieces.


Innate Abilities, Weirdness & Mutations

You are immune to sickness and miasma.
Your stone body is resilient. (AC +3)
You are immune to poison.
You resist negative energy. (rN+)
You are resistant to electric shocks. (rElec)
You are resistant to unholy torment.
You are immune to petrification.


   Skills:
 - Level 3.2 Fighting
 + Level 4.3 Axes
 - Level 3.2 Armour
 - Level 3.2 Shields


You had 3 spell levels left.
You didn't know any spells.
Your spell library was empty.

Inventory:

Hand Weapons
 r - a +0 mace
 Y - a +0 war axe (weapon)
Missiles
 s - 5 boomerangs (quivered)
Armour
 b - a +0 scale mail (worn)
 c - a +0 buckler (worn)
 i - a +0 cloak (worn)
 o - the +1 hat of Action {Dex+3}
   (You found it on level 4 of the Dungeon)

   Dex:       It affects your dexterity (+3).
 p - a +0 chain mail
Jewellery
 a - an amulet of guardian spirit (around neck)
 h - a ring of flight
Scrolls
 j - 2 scrolls of identify
 m - 2 scrolls of noise {unknown}
 t - 2 scrolls of fear {unknown}
Potions
 d - a potion of might
 e - a potion of heal wounds {unknown}
 f - a potion of curing {unknown}
 k - a potion of brilliance {unknown}
 l - a potion of flight {unknown}
 n - a potion of berserk rage {unknown}
 q - a potion of lignification {unknown}

Dungeon Overview and Level Annotations

Branches:
Dungeon (2/15)

Altars:

Shops:
D:1 [

Annotations:
D:4 Edmund


Message History

Things that are here:
a +0 short sword; a kobold corpse An endoplasm comes into view.
The endoplasm quivers.
Enter note:
Enter note: You throw a boomerang.
The boomerang hits the endoplasm but does no damage.
You throw a boomerang. The boomerang hits the endoplasm.
The endoplasm is moderately wounded.
The endoplasm jiggles.
You slash the endoplasm!
You kill the endoplasm!
Edmund the Younger comes into view.
He is wielding a +1 flail of protection.
Edmund shouts!
Enter note:
Enter note: You closely miss Edmund.
Edmund hits you but does no damage.
You barely miss Edmund.
Edmund hits you with a +1 flail of protection! x2
You barely miss Edmund. Edmund barely misses you.
You barely miss Edmund. Edmund hits you but does no damage.
You barely miss Edmund. Edmund closely misses you. x2
You hit Edmund but do no damage.
Edmund hits you with a +1 flail of protection.
You hit Edmund.
Edmund is lightly wounded.
Edmund hits you with a +1 flail of protection.
1864 ||| READING scroll of teleportation.
As you read the scroll of teleportation, it crumbles to dust.
You feel strangely unstable. Edmund hits you but does no damage.
You barely miss Edmund.
Edmund is lightly wounded.
Edmund hits you with a +1 flail of protection!
You die...

.. .. # ... . .#
.... .######.# #..#
.........#
.......... #.#
#..#...##.#.#
#..@...##.#.#
#.#.##@..##.#.#
#........#....#
##.####..#....#
..#.......#.##)####
..........#.......#
..........#.#.###.##
##
..#.#####.#.#.##...#
#.
#.........#.##...#
#.
#..#....#.#.##...#
#.


You could see Edmund.

Vanquished Creatures
  An orc wizard (D:4)
  2 adders (D:2)
  2 dart slugs (D:1)
  3 orcs (D:4)
  6 endoplasms
  A giant cockroach (D:1)
  5 hobgoblins
  3 jackals (D:4)
  4 kobolds
  4 quokkas
  3 ball pythons
  2 bats (D:1)
  5 frilled lizards
  2 goblins
  5 rats (D:1)
48 creatures vanquished.

Notes
Turn   | Place    | Note
-------+----------+-------------------------------------------
     0 | D:1      | qw the Gargoyle Fighter began the quest for the Orb.
     0 | D:1      | Reached XP level 1. HP: 14/14 MP: 1/1
     0 | D:1      | 0 ||| qw: Version: 0.2-a-103-g5a998e5
     0 | D:1      | 0 ||| qw: Game counter: 997
     0 | D:1      | 0 ||| qw: Always use a shield: true
     0 | D:1      | 0 ||| qw: God list: Okawaru
     0 | D:1      | 0 ||| qw: Allow faded altars: false
     0 | D:1      | 0 ||| qw: Do Orc after D:15 true
     0 | D:1      | 0 ||| qw: Do second Lair branch before Depths: true
     0 | D:1      | 0 ||| qw: Lair rune preference: random
     0 | D:1      | 0 ||| qw: Plans: Normal, Zot:1-4, Slime:5, God:TSO, Crypt,
                  | Tomb, Pan, Hells, Abyss, Win
     0 | D:1      | 0 ||| PLANNING D:1-11
    93 | D:1      | Reached skill level 2 in Axes
   293 | D:1      | Reached XP level 2. HP: 19/19 MP: 2/2
   293 | D:1      | 293 ||| DROPPING +3 hand axe.
   357 | D:1      | Found Ymeep's Armour Shop.
   366 | D:1      | 366 ||| SHOPLISTING +0 chain mail (54 gold, have 12).
   366 | D:1      | 366 ||| SHOPLISTING +0 pair of gloves (54 gold, have 12).
   366 | D:1      | 366 ||| SHOPLISTING +1 pair of boots "Saetotz" {rN++} (324
                  | gold, have 12).
   366 | D:1      | 366 ||| SHOPLISTING +1 scale mail of cold resistance (192
                  | gold, have 12).
   578 | D:1      | Reached skill level 3 in Axes
   584 | D:1      | 584 ||| READING 2 scrolls labelled XUSKIS ILIEST.
   585 | D:1      | 585 ||| READING scroll labelled FAJIENK ZAVA.
   586 | D:1      | 586 ||| READING scroll labelled ZUYTAU WEDWIET.
   587 | D:1      | 587 ||| DROPPING scroll of poison.
   651 | D:1      | Reached XP level 3. HP: 19/23 MP: 3/3
  1046 | D:1      | 1046 ||| UPGRADING to +0 cloak.
  1051 | D:1      | 1051 ||| UPGRADING to amulet of guardian spirit.
  1056 | D:1      | 1056 ||| READING scroll labelled PATYEXT OLOJ.
  1057 | D:1      | 1057 ||| READING 2 scrolls labelled YGUYCKE LIUL.
  1189 | D:2      | 1189 ||| Stepping ~*~*~tactically~*~*~ (hiding).
  1190 | D:2      | 1190 ||| Stepping ~*~*~tactically~*~*~ (hiding).
  1191 | D:2      | 1191 ||| Stepping ~*~*~tactically~*~*~ (hiding).
  1192 | D:2      | 1192 ||| Stepping ~*~*~tactically~*~*~ (hiding).
  1262 | D:2      | 1262 ||| Stepping ~*~*~tactically~*~*~ (stealth).
  1327 | D:2      | Found a faded altar of an unknown god.
  1435 | D:2      | You fall into a shaft and drop 2 floors!
  1448 | D:4      | Reached XP level 4. HP: 28/28 MP: 4/4
  1448 | D:4      | 1448 ||| Stepping ~*~*~tactically~*~*~ (stealth).
  1473 | D:4      | Identified the +1 hat of Action {Dex+3}
  1562 | D:4      | 1562 ||| Stepping ~*~*~tactically~*~*~ (hiding).
  1573 | D:4      | 1573 ||| Stepping ~*~*~tactically~*~*~ (stealth).
  1618 | D:4      | Reached skill level 4 in Axes
  1686 | D:4      | 1686 ||| DROPPING +0 club.
  1855 | D:4      | Noticed Edmund
  1863 | D:4      | HP: 6/28 [Edmund/+1 flail of protection (5)]
  1864 | D:4      | 1864 ||| READING scroll of teleportation.
  1865 | D:4      | Slain by Edmund

Levels and vault maps discovered:
D:1:      dpeg_arrival_snail, layout_loops_corners, serial_shops, shop_statue,
          due_unseen_surprise
D:2:      layout_basic, basic_ecumenical_altar, minivault_4
D:4:      layout_basic, ebering_ghost_disaster_area, uniq_edmund

Skill      XL: |  1  2  3  4 |
---------------+-------------+-----
Axes           | 2 3 4 |  4.3
Fighting       | |  3.2
Armour         | |  3.2
Shields        | |  3.2

Action                     |  1- 3 |  4- 6 || total
---------------------------+-------+-------++-------
  Melee: War axe           |   110 |    62 ||   172
  Throw: Boomerang         |       |     8 ||     8
    Use: Scroll            |     5 |     1 ||     6
 Armour: Scale mail        |    44 |    39 ||    83
  Dodge: Dodged            |    51 |    17 ||    68
  Block: Buckler           |    16 |     6 ||    22

Table legend:
 A = Non-vault XP
 B = Vault XP
 C = Vault XP percentage of total XP
 D = Non-vault monster count
 E = Vault monster count
 F = Vault count percentage of total count
                 A         B        C        D         E       F
            +---------+---------+-------+---------+---------+-------
      Total |     142 |       0 |   0.0 |      48 |       0 |   0.0
            +---------+---------+-------+---------+---------+-------
        D:1 |      45 |       0 |   0.0 |      27 |       0 |   0.0
        D:2 |      35 |       0 |   0.0 |       8 |       0 |   0.0
        D:4 |      62 |       0 |   0.0 |      13 |       0 |   0.0
            +---------+---------+-------+---------+---------+-------
